 Dungeon Crawl Stone Soup version 0.26-a0-1181-gd376ed14c5 (webtiles) character file.

Game seed: 11342908615873133427

8003 loralnil the Martial Artist (level 11, 0/99 HPs)
             Began as a Gnoll Transmuter on Dec 26, 2020.
             Was a High Priest of Cheibriados.
             Slain by a vampire (8 damage)
             ... on level 9 of the Dungeon.
             The game lasted 00:16:02 (10168 turns).

loralnil the Martial Artist (Gnoll Transmuter)     Turns: 10168, Time: 00:16:02

Health: 0/99       AC:  8    Str: 27    XL:     11   Next: 24%
Magic:  16/23      EV: 17    Int: 34    God:    Cheibriados [*****.]
Gold:   505        SH:  0    Dex: 28    Spells: 16/26 levels left

rFire    x . .     SeeInvis .     - Unarmed
rCold    + + +     Faith    .   (shield currently unavailable)
rNeg     + . .     Spirit   .   (armour currently unavailable)
rPois    +         Reflect  .   (helmet currently unavailable)
rElec    .         Harm     .   (cloak currently unavailable)
rCorr    .         Rampage  .   (gloves currently unavailable)
Will     .....                  (boots currently unavailable)
Stlth    ++++......             (no amulet)
HPRegen  0.26/turn              b - ring of positive energy
MPRegen  0.18/turn              v - +6 ring of intelligence

@: lethally poisoned (0 -> -3), ice-form, very slow
A: large, distributed training, strong nose
a: End Transformation, Renounce Religion, Bend Time, Temporal Distortion,
Slouch, Step From Time


You were on level 9 of the Dungeon.
You worshipped Cheibriados.
Cheibriados was extremely pleased with you.
You were a creature of crystalline ice.
You visited 2 branches of the dungeon, and saw 12 of its levels.

You collected 505 gold pieces.

Inventory:

Armour
 f - a +1 helmet (melded)
 n - a +2 kite shield (melded)
 s - a +2 robe of positive energy (melded)
 D - a +0 cloak (melded)
Jewellery
 b - a ring of positive energy (left front paw)
 v - a +6 ring of intelligence (right front paw)
Wands
 r - a wand of paralysis (21)
 A - a wand of digging (9)
Scrolls
 a - 3 scrolls of remove curse
 d - 11 scrolls of teleportation
 k - 2 scrolls of magic mapping
 o - a scroll of amnesia
 t - 2 scrolls of fog
 x - 2 scrolls of fear
 y - a scroll of torment {unknown}
 z - 2 scrolls of enchant weapon {unknown}
 B - a scroll of brand weapon {unknown}
 C - 2 scrolls of blinking {unknown}
Potions
 c - a potion of ambrosia
 e - 2 potions of might
 g - a potion of mutation {unknown}
 h - a potion of cancellation {unknown}
 j - 7 potions of curing
 l - 2 potions of heal wounds
 m - 3 potions of flight
 p - a potion of berserk rage {unknown}
 q - 2 potions of resistance {unknown}
 u - 4 potions of lignification
 w - 3 potions of magic


   Skills:
 + Level 6.7 Fighting
 + Level 6.1 Short Blades
 + Level 6.1 Long Blades
 + Level 6.1 Axes
 + Level 6.1 Maces & Flails
 + Level 6.1 Polearms
 + Level 6.1 Staves
 + Level 6.1 Slings
 + Level 6.1 Bows
 + Level 6.1 Crossbows
 + Level 6.1 Throwing
 + Level 6.1 Armour
 + Level 7.7 Dodging
 + Level 6.1 Stealth
 + Level 6.1 Shields
 + Level 9.0 Unarmed Combat
 + Level 8.0 Spellcasting
 + Level 5.0 Conjurations
 + Level 5.0 Hexes
 + Level 5.0 Summonings
 + Level 5.0 Necromancy
 + Level 5.0 Translocations
 + Level 6.4 Transmutations
 + Level 5.0 Fire Magic
 + Level 5.0 Ice Magic
 + Level 5.0 Air Magic
 + Level 5.0 Earth Magic
 + Level 5.0 Poison Magic
 + Level 6.7 Invocations
 + Level 6.1 Evocations


You had 16 spell levels left.
You knew the following spells:

 Your Spells              Type           Power        Failure   Level
a - Beastly Appendage     Tmut           100%         1%          1
b - Wereblood             Tmut           55%          1%          2
c - Spider Form           Tmut/Pois      25%          1%          3
d - Ice Form              Ice/Tmut       51%          3%          4

Your spell library contained the following spells:

 Spells                   Type           Power        Failure   Level
 Magic Dart               Conj           100%         1%          1
 Blink                    Tloc           N/A          1%          2
 Call Imp                 Summ           48%          1%          2
 Poisonous Vapours        Pois/Air       96%          1%          2
 Slow                     Hex            48%          1%          2
 Conjure Flame            Conj/Fire      48%          1%          3
 Mephitic Cloud           Conj/Pois/Air  48%          1%          3
 Blade Hands              Tmut           27%          6%          5
 Freezing Cloud           Conj/Ice/Air   24%          54%         6


Dungeon Overview and Level Annotations

Branches:
Dungeon (11/15)            Temple (1/1) D:4
   Lair: D:8-11         Orc: D:9-12

Altars:
Ashenzari
Cheibriados
Fedhas
Hepliaklqana
Kikubaaqudgha
Makhleb
Okawaru
Ru
Sif Muna
Trog
Uskayaw
Vehumet
Yredelemnul
Zin
The Shining One

Portals:
Abyss: D:5

Annotations:
D:10 Nergalle


Innate Abilities, Weirdness & Mutations

Your experience applies equally to all skills.
((You have very sharp teeth.))
Your uncanny sense of smell can sniff out nearby items.


Message History

Cheibriados appreciates the change of pace.
You kill the orc priest!
Cheibriados appreciates the change of pace.
You kill the orc!
Cheibriados appreciates the change of pace.
You kill the orc priest!
Cheibriados appreciates the change of pace.
You kill the orc priest!
Cheibriados appreciates the change of pace.
Cheibriados lowers the support of your attributes as your movement quickens.
You feel sick.
You feel sick. Something hits you but does no damage.
Something bites you but does no damage.
You closely miss something. Something hits you.
* * * LOW HITPOINT WARNING * * *
Something completely misses you.
You barely miss something.
You feel sick. Something hits you.
* * * LOW HITPOINT WARNING * * *
Something bites you!
You die...

#.# #.###.# #.# #.....#
#.# ####### #.# # #....
#.# #. #.### #.# ..
#.... #.# #>##### #.#
#...... #Y# ######.##
#{# #......# ......)))#
####'####### ......)).#
#..........# .........#
#..........# ..........
#..(.......# .........#.
#..........#
.........##∆#..........#
.........# +..........#


There were no monsters in sight!

Vanquished Creatures
  Harold (D:8)
  A two-headed ogre (D:9)
  Pikel (D:4)
  A manticore (D:8)
  Joseph (D:7)
  A gargoyle (D:9)
  Maggie (D:9)
  2 small abominations (D:5)
  Sigmund (D:2)
  A wyvern (D:9)
  Menkaure (D:4)
  Edmund (D:4)
  A swamp worm (D:9)
  An ice beast (D:8)
  4 orc warriors
  4 phantoms
  A sky beast (D:6)
  5 ogres
  A lemure (D:5)
  A big kobold (D:5)
  4 bullfrogs
  A water moccasin zombie (D:8)
  3 scorpions
  5 killer bees (D:9)
  7 wights
  9 howler monkeys
  A quasit (D:9)
  7 orc priests
  2 hounds (D:8)
  7 orc wizards
  3 iguanas
  11 worker ants
  A killer bee zombie (D:6)
  A hound zombie (D:10)
  A hound skeleton (D:4)
  Robin (D:3)
  A worker ant zombie (D:5)
  13 adders
  3 shadow imps
  4 white imps
  3 ufetubi
  3 oozes
  An adder skeleton (D:8)
  3 worms
  The ghost of casual the Sneak, a weakling TrDe of Cheibriados (D:5)
  3 dart slugs
  6 leopard geckos
  54 orcs
  6 bats
  8 giant cockroaches
  14 goblins
  16 hobgoblins
  16 jackals
  10 kobolds
  4 quokkas
  2 ball pythons (D:2)
  4 frilled lizards
  A leopard gecko skeleton (D:5)
  A quokka zombie (D:3)
  6 rats
278 creatures vanquished.

Vanquished Creatures (others)
  3 plants (D:9)
3 creatures vanquished.

Grand Total: 281 creatures vanquished

Notes
Turn   | Place    | Note
-------+----------+-------------------------------------------
     0 | D:1      | loralnil the Gnoll Transmuter began the quest for the Orb.
     0 | D:1      | Reached XP level 1. HP: 17/17 MP: 6/6
   153 | D:1      | Reached XP level 2. HP: 19/23 MP: 5/7
   166 | D:1      | Learned a level 2 spell: Wereblood
   400 | D:1      | Reached XP level 3. HP: 22/28 MP: 9/9
   403 | D:1      | Reached skill level 5 in Spellcasting
   464 | D:1      | Learned a level 3 spell: Spider Form
   798 | D:2      | Reached skill level 1 in Invocations
   883 | D:2      | Reached skill level 1 in Short Blades
   883 | D:2      | Reached skill level 1 in Long Blades
   883 | D:2      | Reached skill level 1 in Axes
   883 | D:2      | Reached skill level 1 in Maces & Flails
   883 | D:2      | Reached skill level 1 in Polearms
   883 | D:2      | Reached skill level 1 in Staves
   883 | D:2      | Reached skill level 1 in Slings
   883 | D:2      | Reached skill level 1 in Bows
   883 | D:2      | Reached skill level 1 in Crossbows
   883 | D:2      | Reached skill level 1 in Throwing
   883 | D:2      | Reached skill level 1 in Armour
   883 | D:2      | Reached skill level 1 in Stealth
   883 | D:2      | Reached skill level 1 in Shields
   883 | D:2      | Reached skill level 1 in Evocations
   883 | D:2      | Reached XP level 4. HP: 13/34 MP: 11/11
  1466 | D:2      | Reached skill level 1 in Conjurations
  1466 | D:2      | Reached skill level 1 in Hexes
  1466 | D:2      | Reached skill level 1 in Summonings
  1466 | D:2      | Reached skill level 1 in Necromancy
  1466 | D:2      | Reached skill level 1 in Translocations
  1466 | D:2      | Reached skill level 1 in Fire Magic
  1466 | D:2      | Reached skill level 1 in Ice Magic
  1466 | D:2      | Reached skill level 1 in Air Magic
  1466 | D:2      | Reached skill level 1 in Earth Magic
  1466 | D:2      | Reached skill level 1 in Poison Magic
  1828 | D:3      | Noticed Sigmund
  1949 | D:2      | Killed Sigmund
  1950 | D:2      | Reached XP level 5. HP: 38/41 MP: 9/12
  1950 | D:2      | Reached XP level 6. HP: 44/47 MP: 9/13
  2042 | D:3      | Reached skill level 5 in Dodging
  2231 | D:3      | Noticed Robin
  2254 | D:3      | Killed Robin
  2878 | D:3      | Reached XP level 7. HP: 52/52 MP: 13/15
  3063 | D:4      | Found a staircase to the Ecumenical Temple.
  3079 | Temple   | Entered the Ecumenical Temple
  3106 | Temple   | Became a worshipper of Cheibriados the Contemplative
  3123 | D:4      | Noticed Edmund
  3181 | D:4      | Killed Edmund
  3182 | D:4      | Reached skill level 7 in Unarmed Combat
  3866 | D:4      | Reached XP level 8. HP: 45/59 MP: 16/16
  4037 | D:4      | Noticed Menkaure
  4075 | D:4      | Killed Menkaure
  4075 | D:4      | Reached * piety under Cheibriados
  4604 | D:4      | Found a glowing golden altar of the Shining One.
  4604 | D:4      | Found a hide-covered altar of Uskayaw.
  4615 | D:5      | Entered Level 5 of the Dungeon
  4998 | D:5      | Noticed Pikel
  5160 | D:4      | Killed Pikel
  5161 | D:4      | Reached skill level 5 in Transmutations
  5161 | D:4      | Reached XP level 9. HP: 66/66 MP: 15/18
  5219 | D:5      | Reached ** piety under Cheibriados
  5492 | D:5      | Found a one-way gate to the infinite horrors of the Abyss.
  5492 | D:5      | Noticed casual's ghost (weakling TrDe)
  5500 | D:5      | Found a transporter.
  5517 | D:5      | Found a transporter.
  5547 | D:5      | Reached skill level 5 in Fighting
  5570 | D:5      | Killed casual's ghost
  5814 | D:5      | Found a hazy altar of Hepliaklqana.
  5815 | D:5      | Found a basalt altar of Yredelemnul.
  6257 | D:6      | Reached skill level 8 in Unarmed Combat
  6265 | D:6      | Reached *** piety under Cheibriados
  6783 | D:7      | Reached skill level 5 in Invocations
  7083 | D:7      | Reached XP level 10. HP: 59/74 MP: 20/20
  7348 | D:7      | Noticed Joseph
  7371 | D:7      | Killed Joseph
  7372 | D:7      | Reached skill level 5 in Short Blades
  7372 | D:7      | Reached skill level 5 in Long Blades
  7372 | D:7      | Reached skill level 5 in Axes
  7372 | D:7      | Reached skill level 5 in Maces & Flails
  7372 | D:7      | Reached skill level 5 in Polearms
  7372 | D:7      | Reached skill level 5 in Staves
  7372 | D:7      | Reached skill level 5 in Slings
  7372 | D:7      | Reached skill level 5 in Bows
  7372 | D:7      | Reached skill level 5 in Crossbows
  7372 | D:7      | Reached skill level 5 in Throwing
  7372 | D:7      | Reached skill level 5 in Armour
  7372 | D:7      | Reached skill level 5 in Stealth
  7372 | D:7      | Reached skill level 5 in Shields
  7372 | D:7      | Reached skill level 5 in Evocations
  7624 | D:7      | Reached **** piety under Cheibriados
  7843 | D:7      | Learned a level 4 spell: Ice Form
  8231 | D:8      | You fall into a shaft and drop 3 floors!
  8237 | D:10     | Entered Level 10 of the Dungeon
  8293 | D:10     | Noticed Nergalle
  8337 | D:9      | Reached ***** piety under Cheibriados
  8367 | D:9      | Noticed a two-headed ogre
  8380 | D:9      | Killed a two-headed ogre
  8470 | D:9      | Noticed Maggie
  8480 | D:9      | Killed Maggie
  8725 | D:9      | Noticed a gargoyle
  8737 | D:9      | Killed a gargoyle
  8965 | D:8      | Noticed a manticore
  8975 | D:8      | Killed a manticore
  9358 | D:8      | Reached XP level 11. HP: 83/83 MP: 22/22
  9714 | D:8      | Noticed Harold
  9726 | D:8      | Killed Harold
  9727 | D:8      | Reached skill level 9 in Unarmed Combat
  9734 | D:8      | Reached skill level 5 in Conjurations
  9734 | D:8      | Reached skill level 5 in Hexes
  9734 | D:8      | Reached skill level 5 in Summonings
  9734 | D:8      | Reached skill level 5 in Necromancy
  9734 | D:8      | Reached skill level 5 in Translocations
  9734 | D:8      | Reached skill level 5 in Fire Magic
  9734 | D:8      | Reached skill level 5 in Ice Magic
  9734 | D:8      | Reached skill level 5 in Air Magic
  9734 | D:8      | Reached skill level 5 in Earth Magic
  9734 | D:8      | Reached skill level 5 in Poison Magic
 10168 | D:9      | Slain by a vampire

Illustrated notes

Levels and vault maps discovered:
D:1:      evilmike_arrival_fibonacci_small, layout_rooms
D:2:      layout_basic, solitary_fountain
D:3:      layout_loops_cross, uniq_sigmund, uniq_robin
D:4:      layout_loops_cross, gammafunk_temple_overflow_statue,
          minmay_temple_entry_mini_moons, uniq_menkaure, uniq_edmund
D:5:      layout_cave_pools, gammafunk_temple_overflow_pools,
          gammafunk_ghost_abyssal_escape, grunt_decor_arrowhead, uniq_pikel
D:6:      layout_basic
D:7:      layout_cave_pods, lightli_corner_chamber, uniq_joseph
D:8:      layout_cave_pods, uniq_harold
D:9:      layout_roguey, worms_lemuel, uniq_maggie
D:10:     layout_roguey, erik_lair_orcish_takeover, lemuel_tele_altar,
          uniq_nergalle
D:11:     layout_stronghold, orc_0_dummy
Temple:   hc_temple_tempest_star

Skill      XL: |  1  2  3  4  5  6  7  8  9 10 11 |
---------------+----------------------------------+-----
Spellcasting   | 5 6 7 8 |  8.0
Invocations    | 1 2 3 4 5 6 |  6.7
Short Blades   | 1 2 3 4 5 6 |  6.1
Long Blades    | 1 2 3 4 5 6 |  6.1
Axes           | 1 2 3 4 5 6 |  6.1
Maces & Flails | 1 2 3 4 5 6 |  6.1
Polearms       | 1 2 3 4 5 6 |  6.1
Staves         | 1 2 3 4 5 6 |  6.1
Slings         | 1 2 3 4 5 6 |  6.1
Bows           | 1 2 3 4 5 6 |  6.1
Crossbows      | 1 2 3 4 5 6 |  6.1
Throwing       | 1 2 3 4 5 6 |  6.1
Armour         | 1 2 3 4 5 6 |  6.1
Stealth        | 1 2 3 4 5 6 |  6.1
Shields        | 1 2 3 4 5 6 |  6.1
Evocations     | 1 2 3 4 5 6 |  6.1
Conjurations   | 1 2 3 4 5 |  5.0
Hexes          | 1 2 3 4 5 |  5.0
Summonings     | 1 2 3 4 5 |  5.0
Necromancy     | 1 2 3 4 5 |  5.0
Translocations | 1 2 3 4 5 |  5.0
Fire Magic     | 1 2 3 4 5 |  5.0
Ice Magic      | 1 2 3 4 5 |  5.0
Air Magic      | 1 2 3 4 5 |  5.0
Earth Magic    | 1 2 3 4 5 |  5.0
Poison Magic   | 1 2 3 4 5 |  5.0
Fighting       | 3 4 5 6 |  6.7
Transmutations | 4 5 6 |  6.4
Dodging        | 5 6 7 |  7.7
Unarmed Combat | 7 8 9 |  9.0

Action                   |  1- 3 |  4- 6 |  7- 9 | 10-12 || total
-------------------------+-------+-------+-------+-------++-------
Melee: Unarmed           |    79 |   143 |   317 |   209 ||   748
       Kick              |    17 |    18 |    79 |    71 ||   185
       Headbutt          |     6 |     9 |    45 |    28 ||    88
       Bite              |     3 |     1 |    26 |    22 ||    52
       Punch             |     1 |     2 |       |       ||     3
 Cast: Beastly Appendage |    17 |    24 |    40 |    25 ||   106
       Spider Form       |       |     7 |     7 |     5 ||    19
       Ice Form          |       |       |       |     1 ||     1
Invok: Bend Time         |       |       |       |     1 ||     1
       Slouch            |       |       |       |     1 ||     1
  Use: Scroll            |     1 |     5 |     7 |     5 ||    18
 Stab: Sleeping          |       |     4 |     7 |     7 ||    18
Armor: Robe              |    14 |    13 |    17 |     6 ||    50
       Skin              |       |     1 |       |     7 ||     8
Dodge: Dodged            |    49 |    90 |   199 |   130 ||   468
Block: Kite shield       |       |       |   159 |    89 ||   248

Table legend: (Time is in decaauts)
 A = Elapsed time spent in this place.
 B = Non-inter-level travel time spent in this place.
 C = Inter-level travel time spent in this place.
 D = Time resting spent in this place.
 E = Time spent auto-exploring this place.
 F = Levels seen in this place.
 G = Mean time per level.
                   A        B        C        D        E       F      G
               +--------+--------+--------+--------+--------+-----+--------+
         Total |  12192 |  11866 |    326 |    296 |   9406 |  12 | 1016.0 |
       Dungeon |  12139 |  11813 |    326 |    296 |   9384 |  11 | 1103.5 |
        Temple |     52 |     52 |      0 |      0 |     21 |   1 |   52.0 |
               +--------+--------+--------+--------+--------+-----+--------+

Top non-repeatable levels by time:
     D:8: 2014 daAuts
     D:4: 1862 daAuts
     D:7: 1734 daAuts
     D:5: 1639 daAuts
     D:2: 1205 daAuts
     D:3: 1024 daAuts
     D:9: 984 daAuts
     D:6: 827 daAuts
     D:1: 753 daAuts
    D:10: 83 daAuts
  Temple: 52 daAuts
    D:11: 9 daAuts
